 Dungeon Crawl Stone Soup version 0.21.1-1-g345015f (webtiles) character file.

362 Kagorn the Skirmisher (level 6, 0/40 HPs)
             Began as a Gargoyle Fighter on June 19, 2018.
             Slain by an ogre
             ... wielding a +0 giant spiked club
              (26 damage)
             ... on level 4 of the Dungeon.
             The game lasted 00:19:16 (3731 turns).

Kagorn the Skirmisher (Gargoyle Fighter)            Turns: 3731, Time: 00:19:17

Health: 0/40       AC: 12    Str: 21    XL:     6   Next: 66%
Magic:  6/6        EV:  7    Int:  8    God:
Gold:   123        SH: 10    Dex: 10    Spells: 5/5 levels left

rFire    . . .     SeeInvis .   v - +0 flail
rCold    + . .     Gourm    +   c - +1 shield
rNeg     + + .     Faith    .   b - +0 scale mail
rPois    ∞         Spirit   .   (no helmet)
rElec    +         Reflect  .   (no cloak)
rCorr    .         Harm     .   (no gloves)
MR       .....                  x - +0 pair of boots
Stlth    +.........             h - amulet of the gourmand
HPRegen  0.13/turn              n - ring of positive energy
MPRegen  0.10/turn              k - ring of protection from cold

@: no status effects
A: negative energy resistance 1, electricity resistance, unbreathing,
petrification resistance, rot immunity, AC +4
a: no special abilities


You were on level 4 of the Dungeon.
You were not hungry.

You visited 1 branch of the dungeon, and saw 4 of its levels.

You collected 123 gold pieces.

Inventory:

Hand Weapons
 a - a +0 flail
 g - a +0 dagger of venom
 v - a +0 flail (weapon)
Armour
 b - a +0 scale mail (worn)
 c - a +1 shield (worn)
 x - a +0 pair of boots (worn)
Jewellery
 h - an amulet of the gourmand (around neck)
 k - a ring of protection from cold (right hand)
 n - a ring of positive energy (left hand)
 o - an uncursed ring of wizardry
 t - a +3 ring of intelligence
 y - an uncursed ring of positive energy
Wands
 r - a wand of disintegration (11)
Scrolls
 i - a scroll of fear
 j - 2 scrolls of teleportation
 m - a scroll of remove curse
 s - a scroll of identify
 z - a scroll of magic mapping {unknown}
Potions
 d - 2 potions of might
 e - 2 potions of resistance
 l - a potion of berserk rage {unknown}
 p - a potion of cancellation
 q - a potion of magic
 u - a potion of curing
 w - a potion of invisibility {unknown}
Comestibles
 f - 6 rations


   Skills:
 * Level 5.0 Fighting
 * Level 3.8 Maces & Flails
 + Level 4.2 Armour
 + Level 2.7 Stealth
 + Level 4.3 Shields


You had 5 spell levels left.
You didn't know any spells.

Dungeon Overview and Level Annotations

Branches:
Dungeon (4/15)
 Temple: D:4-7

Altars:
Ashenzari
Cheibriados
Hepliaklqana
Okawaru
Trog
Uskayaw
Yredelemnul

Annotations:
D:4 Edmund


Innate Abilities, Weirdness & Mutations

You are resistant to torment.
Your stone body is resilient. (AC +4)
You are immune to poison.
You resist negative energy. (rN+)
You are resistant to electric shocks. (rElec)
You can survive without breathing.
You are immune to petrification.
You are immune to rotting.


Message History

Your +0 scale mail unmelds from your body.
Your ring of positive energy unmelds from your body.
Your ring of protection from cold unmelds from your body.
You start resting.
HP restored.
You climb downwards.
Level annotation: Edmund The ogre hits you with a giant spiked club!
There is a stone staircase leading up here.
You hit the ogre.
The ogre is lightly wounded.
You block the ogre's attack.
You hit the ogre.
The ogre is lightly wounded.
You block the ogre's attack.
You hit the ogre but do no damage.
The ogre is lightly wounded.
The ogre hits you with a giant spiked club!!
Ouch! That really hurt!
You die...

........................#
#........................
##......................
##....................##.
#....................####
##....................##.#
##.....#............#.....#
###......##..O.#............#
..###.......##..@^.###..........#
............##.....###..........#
......####..........##...##.....#
.....## ##......##...#...###...##
..... #......###.......#......#
..... #.#..##.##...............#
..... ##########.............###
..... #...........##### .....
##...........##.#


You could see an ogre.

Vanquished Creatures
  A phantom (D:4)
  The ghost of Ramesses the Insei, an amateur OpTm of Fedhas (D:3)
  An iguana (D:4)
  A worker ant (D:4)
  7 adders
  An ooze (D:2)
  4 worms
  5 orcs (D:3)
  7 giant cockroaches
  6 goblins
  3 hobgoblins (D:3)
  8 jackals (D:3)
  8 kobolds
  4 bats
  3 frilled lizards
  9 rats
  2 bushes (D:2)
  3 plants (D:2)
74 creatures vanquished.

Notes
Turn   | Place    | Note
-------+----------+-------------------------------------------
     0 | D:1      | Kagorn the Gargoyle Fighter began the quest for the Orb.
     0 | D:1      | Reached XP level 1. HP: 14/14 MP: 1/1
   386 | D:1      | Reached XP level 2. HP: 19/19 MP: 2/2
   762 | D:2      | Found a shattered altar of Ashenzari.
   831 | D:2      | Reached XP level 3. HP: 23/23 MP: 3/3
  1072 | D:2      | Reached skill level 1 in Stealth
  1773 | D:3      | Reached XP level 4. HP: 19/29 MP: 4/4
  1778 | D:3      | Reached skill level 4 in Fighting
  1864 | D:3      | Noticed Ramesses's ghost (amateur OpTm)
  1885 | D:3      | Killed Ramesses's ghost
  1885 | D:3      | Reached XP level 5. HP: 24/34 MP: 5/5
  1953 | D:3      | Found an iron altar of Okawaru.
  2061 | D:3      | Found a snail-covered altar of Cheibriados.
  2144 | D:3      | Found a hazy altar of Hepliaklqana.
  2149 | D:3      | Found a hide-covered altar of Uskayaw.
  2389 | D:3      | Noticed a moth of wrath
  2392 | D:3      | Found a bloodstained altar of Trog.
  2750 | D:4      | Noticed Edmund
  2757 | D:4      | Reached XP level 6. HP: 39/39 MP: 6/6
  3040 | D:4      | Found a basalt altar of Yredelemnul.
  3138 | D:4      | Noticed a phantom
  3169 | D:4      | Killed a phantom
  3169 | D:4      | Reached skill level 5 in Fighting
  3731 | D:4      | Slain by an ogre

Skill      XL: |  1  2  3  4  5  6 |
---------------+-------------------+-----
Stealth        | 1 2 |  2.7
Fighting       | 4 5 |  5.0
Maces & Flails | 3 |  3.8
Shields        | 4 |  4.3
Armour         | 4 |  4.2

Action                   |  1- 3 |  4- 6 || total
-------------------------+-------+-------++-------
Melee: Flail             |   281 |   247 ||   528
       Unarmed           |       |     1 ||     1
  Use: Scroll            |       |     5 ||     5
       Potion            |       |     3 ||     3
  Eat: Ration            |     1 |     2 ||     3
       Chunk             |       |     3 ||     3
Armor: Scale mail        |    57 |   154 ||   211
Dodge: Dodged            |    31 |   102 ||   133
Block: Shield            |    63 |   157 ||   220
